 Dungeon Sprint DCSS version 0.17-a0-1718-g72dbe4d (webtiles) character file.

25 Kidiri the Sneak (level 2, -1/13 HPs)
             Began as a Spriggan Enchanter on Aug 26, 2015.
             Slain by a water elemental (5 damage)
             ... in the Dungeon (Sprint III: "The Ten Rune Challenge").
             The game lasted 00:02:16 (469 turns).

Kidiri the Sneak (Spriggan Enchanter)                Turns: 469, Time: 00:02:16

Health: -1/13      AC:  3    Str:  4    XL:     2   Next: 82%
Magic:  8/8        EV: 26    Int: 16    God:
Gold:   16         SH:  0    Dex: 21    Spells: 2 memorised, 7 levels left

rFire  . . .     SeeInvis +     a - +1 dagger
rCold  . . .     Clarity  .     b - +1 robe
rNeg   . . .     SustAt   .     (shield restricted)
rPois  .         Gourm    .     (helmet restricted)
rElec  .         Spirit   .     (no cloak)
rCorr  .         Warding  .     (gloves unavailable)
rMut   .         NoTele   +     (boots unavailable)
MR     .....                    (no amulet)
Stlth  +++++.....               (no ring)
                                (no ring)

@: agile, very quick, not resistant to hostile enchantments, quite stealthy
A: unfitting armour, see invisible, herbivore 3, speed 3, slow metabolism 2, no
device heal 1
a: no special abilities


You were in the Dungeon.
You were not hungry.

You visited 1 branch You collected 16 gold pieces.

Inventory:

Hand weapons
 a - a +1 dagger (weapon)
Armour
 b - a +1 robe (worn)
Scrolls
 j - a scroll of blinking
 l - 2 scrolls of holy word {unknown}
 m - 2 scrolls of remove curse {unknown}
 p - a scroll of immolation {unknown}
 q - a scroll of fog {unknown}
Potions
 e - 2 potions of curing
 f - a potion of heal wounds
 g - a potion of haste
 h - 2 potions of magic
 o - a potion of flight
Books
 c - a book of Maledictions

   Spells                             Type                      Level
   a - Corona                         Hexes                        1
   b - Ensorcelled Hibernation        Hexes/Ice                    2
   c - Confuse                        Hexes                        3
   d - Tukima's Dance                 Hexes                        3
   e - Dazzling Spray                 Conjuration/Hexes            3
Comestibles
 d - a bread ration
 n - a royal jelly


   Skills:
 + Level 2.1 Short Blades
 * Level 4.9 Dodging
 * Level 6.2 Stealth
 * Level 4.5 Spellcasting
 + Level 4.3 Hexes
 + Level 0.0 Ice Magic


You had 7 spell levels left.
You knew the following spells:

 Your Spells              Type           Power        Failure   Level  Hunger
a - Corona                Hex            ###....      3%          1    None
b - Ensorcelled Hibernat  Hex/Ice        ##....       12%         2    ##.....


Dungeon Overview and Level Annotations

Branches:
Dungeon (1/1)

Altars:


Innate Abilities, Weirdness & Mutations

You are tiny and cannot use many weapons and most armour.
You have supernaturally acute eyesight.
You are a herbivore.
You cover ground extremely quickly.
You need consume almost no food.
Potions and wands are less effective at restoring your health.


Message History

The water elemental moves out of view.
There is an open door to the Ecumenical Temple here.
You hit the water elemental.
The water elemental is lightly damaged.
The water elemental hits you!
Ouch! That really hurt!
The water elemental engulfs you in water!
Unknown command.
With effort, you pull free of the water engulfing you.
You gasp with relief as air once again reaches your lungs.
Things that are here:
3 chunks of flesh; a human skeleton You start resting.
Unknown command.
Drink which item? (? for menu, Esc to quit)
You feel agile all of a sudden.
You hit the water elemental.
The water elemental is lightly damaged.
The water elemental hits you.
You die...

▓▓▓▓▓▓▓▓▓ ▓▓▓
▓<..#(..#### ##.#
▓...#......#####..#
▓..##.......#.%#..#
▓##.##.##...#..#..###+#+
##.##E###..##+#..#.....
▓#.####@##..###...'.⌠...
▓.###..##.%####...#...##
▓#.....##..###....#.⌠.#
###..##...##.....#...#
##..##...E#..E...#+###
#..###..##.#.....# #..#
#..#####....# ▓▓▓▓ ▓▓▓▓
▓▓▓▓▓▓


You could see a water elemental.

Vanquished Creatures
  A human (D)
  A phantom (D)
  4 rats (D)
6 creatures vanquished.

Vanquished Creatures (others)
  2 draconian scorchers (D)
  A yaktaur (D)
3 creatures vanquished.

Grand Total: 9 creatures vanquished

Notes
Turn   | Place    | Note
--------------------------------------------------------------
     0 | D        | Kidiri the Spriggan Enchanter began the quest for the Orb.
     0 | D        | Reached XP level 1. HP: 9/9 MP: 5/5
   143 | D        | Killed a yaktaur
   207 | D        | Killed a white draconian scorcher
   219 | D        | Reached skill level 5 in Stealth
   259 | D        | Killed a white draconian scorcher
   278 | D        | Reached skill level 6 in Stealth
   278 | D        | Reached XP level 2. HP: 13/13 MP: 6/8
   332 | D        | Learned a level 2 spell: Ensorcelled Hibernation
   354 | D        | Gained mutation: You have an increased reservoir of magic (+10% MP). [potion of mutation]
   354 | D        | Gained mutation: You can spit weak poison. [potion of mutation]
   354 | D        | Gained mutation: You have large cloven feet. [potion of mutation]
   355 | D        | Gained mutation: You are frail (-10% HP). [potion of mutation]
   356 | D        | Gained mutation: You are very frail (-20% HP). [potion of mutation]
   356 | D        | Gained mutation: You tend to lose your temper in combat. [potion of mutation]
   356 | D        | Gained mutation: Potions and wands are less effective at restoring your health. [potion of mutation]
   357 | D        | Lost mutation: You are very frail (-20% HP). [potion of cure mutation]
   358 | D        | Lost mutation: You are frail (-10% HP). [potion of cure mutation]
   358 | D        | Lost mutation: You can spit weak poison. [potion of cure mutation]
   358 | D        | Lost mutation: You have large cloven feet. [potion of cure mutation]
   358 | D        | Lost mutation: You tend to lose your temper in combat. [potion of cure mutation]
   358 | D        | Lost mutation: You have an increased reservoir of magic (+10% MP). [potion of cure mutation]
   439 | D        | Noticed a water elemental
   469 | D        | Slain by a water elemental

Vault maps used:
D:        dungeon_sprint_mu

Action                   || total
-------------------------++-------
Melee: Dagger            ||    25
 Cast: Corona            ||     1
  Use: Potion            ||     7
       Scroll            ||     2
 Stab: Sleeping          ||     1
